 Dungeon Crawl Stone Soup version 0.21-a0-140-g479285b (webtiles) character file.

86 Gorglomux the Skirmisher (level 4, -3/41 HPs)
             Began as a Hill Orc Air Elementalist on July 20, 2017.
             Was an Initiate of Okawaru.
             Killed from afar by an orc wizard (5 damage)
             ... with a puff of flame
             ... on level 3 of the Dungeon.
             The game lasted 00:12:00 (2450 turns).

Gorglomux the Skirmisher (HOAE)                     Turns: 2450, Time: 00:12:00

Health: -3/41      AC:  2    Str:  8 (11) XL:     4   Next: 50%
Magic:  15/15      EV: 12    Int: 13 (15) God:    Okawaru [......]
Gold:   101        SH:  0    Dex:  8 (11) Spells: 5/6 levels left

rFire    . . .     SeeInvis .   i - +0 dagger
rCold    . . .     Gourm    .   (no shield)
rNeg     . . .     Faith    .   a - +0 robe
rPois    .         Spirit   .   (no helmet)
rElec    .         Reflect  .   (no cloak)
rCorr    .         Harm     .   (no gloves)
MR       .....     Rnd*Tele +   (no boots)
Stlth    +.........             (no amulet)
HPRegen  0.13/turn              j - ring of magical power
MPRegen  0.14/turn              t - ring of teleportation (curse)

@: no status effects
A: no striking features
a: Renounce Religion


You were on level 3 of the Dungeon.
You worshipped Okawaru.
Okawaru was noncommittal.
You were very hungry.

You visited 1 branch of the dungeon, and saw 3 of its levels.

You collected 101 gold pieces.

Inventory:

Hand Weapons
 i - a +0 dagger (weapon)
Missiles
 Y - 4 tomahawks (quivered)
Armour
 a - a +0 robe (worn)
Jewellery
 j - a ring of magical power (left hand)
 t - a cursed ring of teleportation (right hand)
Scrolls
 e - a scroll of remove curse {unknown}
 w - a scroll of amnesia {unknown}
 R - 2 scrolls of identify
 T - a scroll of teleportation
 X - a scroll of magic mapping {unknown}
Potions
 g - a potion of brilliance
Books
 b - a book of Air

   Spells                             Type                      Level
   a - Shock                          Conjuration/Air              1
   b - Swiftness                      Charms/Air                   2
   c - Static Discharge               Conjuration/Air              3
   d - Airstrike                      Air                          4
   e - Lightning Bolt                 Conjuration/Air              5
Comestibles
 c - a bread ration
 f - a royal jelly


   Skills:
 + Level 4.8 Fighting
 - Level 1.5 Dodging
 - Level 1.5 Stealth
 - Level 1.5 Spellcasting
 - Level 1.0 Conjurations
 - Level 2.4 Air Magic


You had 5 spell levels left.
You knew the following spells:

 Your Spells              Type           Power        Failure   Level  Hunger
a - Shock                 Conj/Air       #...         13%         1    ##.....


Dungeon Overview and Level Annotations

Branches:
Dungeon (3/15)

Altars:
Dithmenos
Makhleb
Okawaru
Wu Jian


Message History

The orc wizard hits you with a dagger! The orc wizard casts a spell at you!
The puff of flame hits you!!!
The orc wizard gestures at you while chanting!
The magic dart hits you!!!
The orc wizard gestures at you while chanting!
The puff of flame misses you!
You see here an adder skeleton!
The orc wizard casts a spell at you!
The puff of frost hits you!!! * * * don't die
* * * You see here a club!
The orc wizard gestures at you while chanting!
The magic dart hits you!!! * * * don't die
* * * The orc wizard begins to cast a cantrip, but forgets the words!!!
There is a stone staircase leading up here!
The orc wizard gestures at you while chanting!
The puff of flame butts you!!! rip

## .# .# # .#
##. .## ..#
##.# ####.#
##@.#
....!.###.#o#
.......#.##.#
...#.###o#
.####.#.###)#
.r....["o...#
.####...#####
###$# #$#


You could see 2 orc wizards.

Vanquished Creatures
  2 adders (D:3)
  2 oozes
  A worm (D:2)
  2 dart slugs
  A leopard gecko (D:3)
  4 orcs (D:3)
  3 giant cockroaches
  3 goblins
  9 hobgoblins
  A jackal (D:2)
  A quokka (D:2)
  10 bats
  A kobold (D:1)
  A quokka skeleton (D:3)
  7 rats
48 creatures vanquished.

Notes
Turn   | Place    | Note
-------+----------+-------------------------------------------
     0 | D:1      | Gorglomux the Hill Orc Air Elementalist began the quest for the Orb.
     0 | D:1      | Reached XP level 1. HP: 14/14 MP: 3/3
   148 | D:1      | Reached skill level 1 in Fighting
   148 | D:1      | Reached XP level 2. HP: 14/24 MP: 0/4
   279 | D:1      | Reached skill level 2 in Fighting
   989 | D:2      | Reached skill level 3 in Fighting
   989 | D:2      | Reached XP level 3. HP: 27/31 MP: 0/5
  1478 | D:2      | Found an ornate altar of the Wu Jian Council.
  1481 | D:2      | Found an iron altar of Okawaru.
  1490 | D:2      | Found a burning altar of Makhleb.
  1500 | D:2      | Became a worshipper of Warmaster Okawaru
  1755 | D:2      | Reached skill level 4 in Fighting
  1989 | D:3      | Found a shadowy altar of Dithmenos.
  2003 | D:3      | Reached XP level 4. HP: 40/40 MP: 6/6
  2447 | D:3      | HP: 1/41 [orc wizard/magic dart (10)]
  2450 | D:3      | Killed from afar by an orc wizard

Vault maps used:
D:1:      evilmike_arrival_plus
D:2:      grunt_temple_overflow_open
D:3:      grunt_dithmenos_smoke, overflow_temple_1_default, first_bread

Skill      XL: |  1  2  3 |
---------------+----------+-----
Fighting       | 1 3 4 |  4.8
Dodging        | |  1.5
Stealth        | |  1.5
Spellcasting   | |  1.5
Conjurations   | |  1.0
Air Magic      | |  2.4

Action                   |  1- 3 |  4- 6 || total
-------------------------+-------+-------++-------
Melee: Unarmed           |    10 |       ||    10
       Dagger            |    13 |    23 ||    36
 Cast: Shock             |    87 |    19 ||   106
  Use: Scroll            |     3 |     1 ||     4
       Potion            |       |     2 ||     2
 Stab: Fleeing           |       |     1 ||     1
  Eat: Chunk             |     6 |     1 ||     7
Armor: Robe              |    25 |     8 ||    33
Dodge: Dodged            |    53 |    36 ||    89
